 Dungeon Crawl Stone Soup version 0.29.1-1-gd02db6906a (webtiles) character file.

Game seed: 11100706878458504855

125200 LabCoat the Warrior (level 16, -1/139 (152) HPs)
             Began as a Hill Orc Fighter on Oct 18, 2022.
             Was a High Priest of Trog.
             Splashed by a goliath frog's acid (4 damage)
             ... on level 4 of the Swamp.
             The game lasted 02:13:03 (29281 turns).

LabCoat the Warrior (Hill Orc Fighter)             Turns: 29281, Time: 02:13:03

HP:   -1/139 (152)  AC: 20    Str: 29    XL:     16   Next: 95%
MP:   16/16         EV: 13    Int: 14    God:    Trog [*****.]
Gold: 1313          SH: 13    Dex:  5    Spells: 15/15 levels left

rFire   + . .      SeeInvis .   a - +3 broad axe (venom)
rCold   + + +      Faith    .   c - +3 kite shield {rC+}
rNeg    . . .      Spirit   .   Q - +0 shadow dragon scales
rPois   +          Reflect  .   O - +2 helmet {Int+3}
rElec   .          Harm     .   l - scarf {rC+ rF+}
rCorr   +          Rampage  +   R - +1 pair of gloves of Inaction {+Inv rC+}
Will    +++..                   U - +0 pair of boots "Nafa" {Rampage rC+++ Str-3 Dex-5}
Stlth   ++........              N - amulet of Honesty {Regen+ Str+5 Int+3 Slay+2}
HPRegen 2.13/turn               o - +4 ring of evasion
MPRegen 0.15/turn               Y - ring of Xoaxi {rPois rCorr}

@: strong-willed, corroded, regenerating, hasted, drained, very quick
A: inability to read after injury 1
a: Renounce Religion, Evoke Invisibility, Berserk, Trog's Hand, Brothers in Arms


You were on level 4 of the Swamp.
You worshipped Trog.
Trog was extremely pleased with you.
You visited 4 branches of the dungeon, and saw 26 of its levels.
You also visited: Sewer, Gauntlet and Ice Cave.

You collected 2661 gold pieces.
You spent 1348 gold pieces at shops.

Inventory:

Hand Weapons
 a - a +3 broad axe of venom (weapon)
 b - a +3 sling of flaming
 d - the +9 battleaxe of Glory {antimagic, Will+ rCorr}
   (You found it on level 12 of the Dungeon)

   It reduces the magical energy of the wielder, and disrupts the spells and
   magical abilities of those it strikes.
   Natural abilities and divine invocations are not affected.
   rCorr:     It protects you from acid and corrosion.
   Will:      It increases your willpower.
 k - a +1 war axe of flaming
Missiles
 A - 5 boomerangs (quivered)
 P - 11 javelins
Armour
 c - a +3 kite shield of cold resistance (worn)
 l - a scarf of resistance (worn)
 L - a +4 chain mail of cold resistance
 O - a +2 helmet of intelligence (worn)
 Q - +0 shadow dragon scales (worn)
 R - the +1 pair of gloves of Inaction (worn) {+Inv rC+}
   (You found it in a Gauntlet)

   rC:        It protects you from cold.
   +Inv:      It lets you turn invisible.
 U - the +0 pair of boots "Nafa" (worn) {Rampage rC+++ Str-3 Dex-5}
   (You found it on level 2 of the Lair of Beasts)

   Str:       It affects your strength (-3).
   Dex:       It affects your dexterity (-5).
   rC:        It renders you almost immune to cold.
   Rampage:   It bestows one free step when moving towards enemies.
Jewellery
 e - a ring of poison resistance
 o - a +4 ring of evasion (left hand)
 s - an amulet of reflection
 v - a ring of fire
 F - a ring of resist corrosion
 G - a ring of magical power
 J - a +4 ring of slaying
 N - the amulet of Honesty (around neck) {Regen+ Str+5 Int+3 Slay+2}
   (You found it in a Gauntlet)

   [amulet of regeneration]

   Str:       It affects your strength (+5).
   Int:       It affects your intelligence (+3).
   Slay:      It affects your accuracy & damage with ranged weapons and melee
   (+2).
   Regen:     It increases your rate of health regeneration.
 S - a ring of ice
 T - a ring of fire
 W - a ring of see invisible
 X - a ring of flight
 Y - the ring of Xoaxi (right hand) {rPois rCorr}
   (You bought it in a shop on level 2 of the Orcish Mines)

   [ring of poison resistance]

   rPois:     It protects you from poison.
   rCorr:     It protects you from acid and corrosion.
 Z - the ring "Wekhluclo" {rF- rN+ rCorr Dex+5 SInv}
   (You found it in an ice cave)

   [ring of see invisible]

   Dex:       It affects your dexterity (+5).
   rF:        It makes you vulnerable to fire.
   rN:        It protects you from negative energy.
   SInv:      It lets you see invisible.
   rCorr:     It protects you from acid and corrosion.
Wands
 q - a wand of charming (14)
 t - a wand of digging (10)
 B - a wand of roots (1)
 D - a wand of polymorph (1)
 E - a wand of mindburst (4)
 I - a wand of flame (26)
Scrolls
 m - a scroll of fog
 w - 8 scrolls of teleportation
 y - 10 scrolls of poison
 z - 2 scrolls of magic mapping
 C - a scroll of fear
 H - 2 scrolls of enchant armour
 V - 6 scrolls of identify
Potions
 f - 6 potions of mutation
 h - 5 potions of resistance
 j - 5 potions of haste
 n - 4 potions of flight
 p - 5 potions of lignification
 r - 4 potions of magic
 x - a potion of might


   Skills:
 * Level 16.7 Fighting
 * Level 15.1 Axes
 + Level 7.9 Ranged Weapons
 + Level 9.0 Throwing
 + Level 12.5 Armour
 + Level 8.6 Dodging
 + Level 12.6 Shields
 + Level 9.8 Evocations


You had 15 spell levels left.
You didn't know any spells.
Your spell library contained the following spells:

 Spells                   Type           Power      Damage    Failure   Level
 Magic Dart               Conj           0%         1d3       91%         1
 Conjure Flame            Conj/Fire      0%         6-21      99%         3
 Olgreb's Toxic Radiance  Pois           0%         N/A       100%        4
 Petrify                  Tmut/Erth      0%         N/A       100%        4
 Fireball                 Conj/Fire      0%         3d3       100%        5
 Metabolic Englaciation   Hex/Ice        0%         N/A       100%        5
 Dispersal                Tloc           0%         N/A       100%        6
 Eringya's Noxious Bog    Tmut/Pois      0%         N/A       100%        6
 Statue Form              Tmut/Erth      0%         N/A       100%        6
 Disjunction              Tloc           0%         N/A       100%        8


Dungeon Overview and Level Annotations

Branches:
Dungeon (15/15)            Temple (0/1) D:7            Lair (5/5) D:10
  Swamp (4/4) Lair:2        Snake (0/4) Lair:2        Slime (0/5) Lair:4
    Orc (2/2) D:10            Elf (0/3) Orc:2        Vaults (0/5) D:13
 Depths (0/4) D:15          Sewer (visited)           IceCv (visited)
Gauntlet (visited)

Altars:
Ashenzari
Dithmenos
Kikubaaqudgha
Okawaru
Qazlal
Trog
Xom
Yredelemnul
Zin
The Shining One
Jiyva
Lugonu

Shops:
D:1 (==   D:7 ?   D:11 *   D:15 [   Orc:2 !*=(

Portals:
Abyss: Lair:3

Annotations:
Swamp:4 Roxanne


Innate Abilities, Weirdness & Mutations

You occasionally lose the ability to read scrolls when taking damage.


Message History

Okay, then.
The goliath frog attacks as you move away!
The goliath frog hits you but does no damage.
You block the goliath frog's attack.
The alligator bites you but does no damage.
You block the alligator's attack. The goliath frog barely misses you.
The alligator bites you.
* * * LOW HITPOINT WARNING * * *
The alligator tail-slaps you but does no damage.
You see here 31 gold pieces.
You hear a shout!
You block the goliath frog's attack. The alligator bites you!
* * * LOW HITPOINT WARNING * * *
The alligator closely misses you.
You hit the alligator.
The alligator is almost dead.
The goliath frog hits you but does no damage.
The alligator bites you but does no damage.
The alligator tail-slaps you but does no damage.
You barely miss the alligator.
The alligator is almost dead.
The goliath frog hits you from afar!
* * * LOW HITPOINT WARNING * * *
The acid corrodes you!
You are splashed with acid.
You resist.
* * * LOW HITPOINT WARNING * * *
The alligator barely misses you.
The alligator tail-slaps you but does no damage.
You hear a shout!
You feel yourself speed up. The goliath frog barely misses you.
The alligator closely misses you. You block the alligator's attack.
The alligator bites you but does no damage.
The alligator tail-slaps you but does no damage.
You hear a shout!
You block the alligator's attack. The alligator tail-slaps you.
* * * LOW HITPOINT WARNING * * *
There is a stone staircase leading up here.
The goliath frog hits you from afar!
* * * LOW HITPOINT WARNING * * *
You are splashed with acid.
You resist.
You die...

~,~~~,~.~.~..♣♣*
,~~,,~,~~~../.?♣♣
~~~~~~~~~~~..8.~♣♣
~~~**,~~~~~~.....♣♣♣♣
*~****,~~~~~.♣♣~...~♣
******,~~~~≈~.~$.~~.♣
*,*,,~~~♣≈♣~..F§~~♣
*,,,~~~≈≈≈≈♣~.t~~~♣
***~~~≈≈≈≈≈≈♣.@..♣♣
*,~~~≈≈≈≈≈≈♣.~..♣
*,~~.♣≈≈≈≈≈~~.♣♣♣
*~~~~~♣≈≈≈≈~..♣
*,~,.§.♣≈♣♣♣♣♣♣
**~~~,.~.§~~*
*<~~~~~~~,***
*,~~~~~,*,,~*
*,,,,~~,,,,,*


You could see an alligator (swift, very poisoned) and a goliath frog (poisoned).

Vanquished Creatures
  Frances (D:14)
  A thorn hunter (Swamp:3)
  Kirke (D:12)
  A stone giant (D:15)
  3 eleionomae
  A minotaur (Gauntlet)
  4 bunyips
  2 fire dragons
  A shambling mangrove (Swamp:3)
  Harold (Lair:1)
  18 hydras
  2 boulder beetles
  An ogre mage (Orc:2)
  2 ghost crabs
  5 two-headed ogres
  4 vault guards (D:13)
  3 catoblepae
  Erica (Lair:1)
  4 centaur warriors (D:13)
  3 alligators
  A hell hog (Gauntlet)
  A deep troll earth mage (D:12)
  Urug (Lair:1)
  5 tengu warriors
  3 orc high priests (Orc:2)
  12 spriggans
  A deep elf knight (D:12)
  Amaemon (Lair:1)
  4 bunyip zombies (Swamp:2)
  5 goliath frogs
  3 spriggan druids
  A death drake (Swamp:3)
  5 bog bodies
  6 orc knights
  A swamp dragon (Swamp:1)
  A necromancer (D:11)
  A bunyip skeleton (Swamp:2)
  A lindwurm (Lair:5)
  5 orc sorcerers
  An oklob plant (Lair:5)
  5 deep elf pyromancers
  A will-o-the-wisp (Swamp:1)
  11 ugly things
  5 cyclopes
  3 manticores
  6 elephants
  Joseph (D:8)
  An ice statue (IceCv)
  3 molten gargoyles (Lair:5)
  7 black mambas
  An orange demon (Lair:1)
  10 cane toads
  A kobold demonologist (D:13)
  7 rime drakes
  Maggie (D:7)
  Psyche (D:8)
  11 komodo dragons
  An anaconda simulacrum (IceCv)
  A freezing wraith (D:15)
  A tengu conjurer (D:15)
  7 trolls
  A bloated husk (Swamp:2)
  A polar bear (Lair:5)
  5 tyrant leeches
  12 slime creatures
  11 hornets
  A blink frog (shapeshifter) (D:14)
  9 dream sheep
  A centaur simulacrum (Gauntlet)
  A shadow (D:6)
  7 basilisks
  2 wraiths
  A vampire (D:12)
  49 yaks
  2 wyverns (Lair:5)
  2 fire bats (Gauntlet)
  4 hogs (D:12)
  2 death yak simulacra (IceCv)
  A steam dragon (D:6)
  6 vampire mosquitoes
  A harpy simulacrum (IceCv)
  2 nagas (Lair:2)
  13 swamp worms
  8 wargs
  6 hell hounds
  14 water moccasins
  2 acid dragons
  3 hydra simulacra
  3 black bears
  17 orc warriors
  2 sky beasts
  2 swamp drakes
  2 ice beasts (D:6)
  6 ogres
  5 boggarts (D:15)
  9 wolves
  3 centaurs
  3 phantoms
  2 swamp dragon skeletons (Swamp:2)
  3 kobold brigands
  4 bullfrogs
  2 gnoll sergeants
  2 necrophages
  3 scorpions
  2 cane toad simulacra (IceCv)
  2 two-headed ogre simulacra (IceCv)
  7 wights
  12 killer bees
  An elephant simulacrum (IceCv)
  3 howler monkeys (D:12)
  5 lava snakes (Lair:5)
  2 hounds
  2 jellies
  A gnoll bouda (D:9)
  16 orc priests
  Ijyb (D:5)
  2 iguanas
  21 orc wizards
  2 hell rats (Lair:2)
  3 yak simulacra (D:11)
  9 troll simulacra (IceCv)
  6 polar bear simulacra
  9 spriggan simulacra
  4 wolf simulacra
  A boggart simulacrum (Gauntlet)
  9 gnolls
  12 adders
  6 naga simulacra (IceCv)
  8 river rats (Lair:2)
  A shadow imp (D:6)
  5 white imps
  11 ufetubi
  2 adder zombies (D:3)
  A worm (D:4)
  64 orcs
  4 endoplasms
  7 giant cockroaches
  4 goblins
  5 hobgoblins
  4 jackals (D:4)
  3 quokkas
  9 ball pythons
  4 bats
  5 frilled lizards
  18 kobolds
  3 rats
  A river rat simulacrum (D:11)
  A lurking horror (Lair:3)
736 creatures vanquished.

Vanquished Creatures (collateral kills)
  A bog body (Swamp:2)
  A bunyip skeleton (Swamp:2)
  A necromancer (Swamp:2)
3 creatures vanquished.

Vanquished Creatures (others)
  A will-o-the-wisp (Swamp:1)
  A bloated husk (Swamp:1)
  A hornet (Swamp:1)
  A spriggan (Swamp:1)
  6 foxfires (Swamp:1)
  12 fungi
  A lurking horror (Lair:3)
  31 plants
54 creatures vanquished.

Grand Total: 793 creatures vanquished

Notes
Turn   | Place    | Note
-------+----------+-------------------------------------------
     0 | D:1      | LabCoat the Hill Orc Fighter began the quest for the Orb.
     0 | D:1      | Reached XP level 1. HP: 19/19 MP: 1/1
    42 | D:1      | Found Hurpheluch's Antique Weapon Boutique.
    68 | D:1      | Found Nowujur's Jewellery Shoppe.
   110 | D:1      | Found Duiz's Jewellery Shop.
   194 | D:1      | Reached XP level 2. HP: 26/27 MP: 2/2
   198 | D:1      | Found a faded altar of an unknown god.
   862 | D:2      | Reached skill level 4 in Fighting
   862 | D:2      | Reached XP level 3. HP: 24/33 MP: 3/3
  1281 | D:2      | You fall into a shaft and drop 2 floors!
  1301 | D:4      | Found a shadowy altar of Dithmenos.
  1365 | D:4      | Reached XP level 4. HP: 40/40 MP: 4/4
  1370 | D:4      | Reached skill level 1 in Throwing
  1370 | D:4      | Reached skill level 1 in Evocations
  1692 | D:4      | Found a glowing drain.
  1716 | D:4      | Reached skill level 1 in Dodging
  1716 | D:4      | Reached XP level 5. HP: 47/47 MP: 5/5
  1734 | Sewer    | Entered a sewer
  1953 | Sewer    | Noticed a kobold brigand
  1960 | Sewer    | Killed a kobold brigand
  1961 | Sewer    | Reached XP level 6. HP: 54/55 MP: 6/6
  2027 | Sewer    | Reached skill level 5 in Fighting
  2302 | D:3      | Found a glowing golden altar of the Shining One.
  2310 | D:3      | Found a shimmering altar of Xom.
  2446 | D:2      | Found a glowing silver altar of Zin.
  2935 | D:3      | Reached skill level 5 in Axes
  2935 | D:3      | Reached XP level 7. HP: 51/61 MP: 7/7
  3230 | D:3      | Found a basalt altar of Yredelemnul.
  3704 | D:5      | Entered Level 5 of the Dungeon
  3762 | D:5      | Found a broken altar of Ashenzari.
  3921 | D:5      | Reached skill level 6 in Fighting
  3929 | D:5      | Reached XP level 8. HP: 40/70 MP: 8/8
  4097 | D:5      | Noticed Ijyb
  4129 | D:5      | Killed Ijyb
  4332 | D:5      | Found an iron altar of Okawaru.
  5535 | D:6      | Reached skill level 5 in Shields
  5558 | D:6      | Reached skill level 5 in Armour
  5709 | D:6      | Reached skill level 7 in Fighting
  5888 | D:6      | Reached XP level 9. HP: 79/79 MP: 9/9
  6434 | D:6      | Found a bloodstained altar of Trog.
  6677 | D:6      | Became a worshipper of Trog the Wrathful
  7141 | D:7      | Found a staircase to the Ecumenical Temple.
  7392 | D:7      | Reached skill level 8 in Fighting
  8068 | D:7      | Found Agrovapyo's Magic Scroll Boutique.
  8077 | D:7      | Bought a scroll of identify for 26 gold pieces
  8077 | D:7      | Bought a scroll of identify for 26 gold pieces
  8089 | D:7      | Noticed Maggie
  8328 | D:7      | Killed Maggie
  8329 | D:7      | Reached XP level 10. HP: 55/90 MP: 10/10
  8796 | D:8      | Noticed Joseph
  8810 | D:8      | Killed Joseph
  9091 | D:8      | Found a stormy altar of Qazlal.
  9109 | D:8      | Noticed Psyche
  9116 | D:8      | Killed Psyche
  9117 | D:8      | Reached skill level 9 in Fighting
  9249 | D:8      | Reached * piety under Trog
  9271 | D:8      | Reached skill level 1 in Ranged Weapons
  9441 | D:8      | Found a glowing silver altar of Zin.
 10517 | D:9      | Noticed a deep elf pyromancer
 10539 | D:9      | Killed a deep elf pyromancer
 10540 | D:9      | Reached skill level 5 in Evocations
 10674 | D:9      | Noticed a tengu warrior
 11242 | D:9      | Killed a tengu warrior
 11243 | D:9      | Reached skill level 10 in Fighting
 11243 | D:9      | Reached XP level 11. HP: 73/99 MP: 11/11
 11470 | D:9      | Reached skill level 10 in Axes
 11476 | D:9      | Reached skill level 5 in Dodging
 12125 | D:10     | Entered Level 10 of the Dungeon
 12302 | D:10     | Found a staircase to the Lair.
 12371 | D:10     | Reached skill level 5 in Throwing
 12384 | D:10     | Found a staircase to the Orcish Mines.
 12549 | D:10     | Noticed a cyclops
 12551 | D:10     | a cyclops changed into a cane toad
 12563 | D:10     | Reached ** piety under Trog
 12721 | D:10     | Noticed a two-headed ogre
 12726 | D:10     | Killed a two-headed ogre
 13465 | D:11     | Noticed a necromancer
 13480 | D:11     | Killed a necromancer
 13784 | D:11     | Identified the +6 ring mail of Ofe Cimy {Stlth+}
 14175 | D:11     | Identified the +2 robe of the Shining One's Hope {rN+
                  | Int+2}
 14239 | D:11     | Found Unuitsi's Assorted Antiques.
 14248 | D:11     | Bought a glowing chain mail for 210 gold pieces
 14505 | Lair:1   | Entered Level 1 of the Lair of Beasts
 14612 | Lair:1   | Reached skill level 11 in Fighting
 14832 | Lair:1   | Found a gate leading to a gauntlet.
 14866 | Gauntlet | Entered a Gauntlet
 14866 | Gauntlet | Found a transporter.
 14908 | Gauntlet | Noticed a catoblepas
 15025 | Gauntlet | Found a transporter.
 15026 | Gauntlet | Found a transporter.
 15030 | Gauntlet | Found a transporter.
 15031 | Gauntlet | Found a transporter.
 15032 | Gauntlet | Found a transporter.
 15034 | Gauntlet | Noticed a green ugly thing
 15034 | Gauntlet | Noticed a blizzard demon
 15035 | Gauntlet | Noticed a quicksilver ooze
 15039 | Gauntlet | Found a transporter.
 15058 | Gauntlet | Found a transporter.
 15072 | Gauntlet | Noticed a hell hog
 15075 | Gauntlet | Found a transporter.
 15079 | Gauntlet | Found a transporter.
 15083 | Gauntlet | Found a runed translucent door.
 15083 | Gauntlet | Found a runed translucent door.
 15087 | Gauntlet | Found a transporter.
 15116 | Gauntlet | Noticed a great orb of eyes
 15129 | Gauntlet | Found the ring of the Tortoise {AC+8}
 15145 | Gauntlet | Found a transporter.
 15258 | Gauntlet | Reached XP level 12. HP: 110/110 MP: 12/12
 15266 | Gauntlet | Killed a hell hog
 15275 | Gauntlet | Identified the amulet of Honesty {Regen+ Str+5 Int+3
                  | Slay+2}
 15380 | Gauntlet | Noticed a minotaur
 15391 | Gauntlet | Killed a minotaur
 15414 | Gauntlet | Identified the +1 pair of gloves of Inaction {+Inv rC+}
 15448 | Gauntlet | Got Buivva's Codex of Pestilent Arcane Weapons
 15627 | Lair:1   | Noticed Harold
 15638 | Lair:1   | Killed Harold
 15901 | Lair:1   | Noticed Amaemon
 15906 | Lair:1   | Killed Amaemon
 15907 | Lair:1   | Noticed Erica
 15950 | Lair:1   | Killed Erica
 16090 | Lair:1   | Noticed Urug
 16101 | Lair:1   | Killed Urug
 16279 | Lair:2   | Found a staircase to the Snake Pit.
 16581 | Lair:2   | Found a staircase to the Swamp.
 16610 | Lair:2   | Noticed a four-headed hydra
 16621 | Lair:2   | Killed a four-headed hydra
 16622 | Lair:2   | Reached skill level 12 in Fighting
 16671 | Lair:2   | Identified the +0 pair of boots "Nafa" {Rampage rC+++ Str-3
                  | Dex-5}
 16706 | Lair:2   | Reached *** piety under Trog
 17185 | Lair:2   | Reached XP level 13. HP: 119/119 MP: 13/13
 17415 | Lair:3   | Found a one-way gate to the infinite horrors of the Abyss.
 17416 | Lair:3   | Found a corrupted altar of Lugonu.
 17526 | Lair:3   | Reached skill level 10 in Armour
 17959 | Lair:4   | Reached **** piety under Trog
 18043 | Lair:4   | Found a dark tunnel.
 18156 | Lair:4   | Found a frozen archway.
 18191 | IceCv    | Entered an ice cave
 18281 | IceCv    | Identified the ring "Wekhluclo" {rF- rN+ rCorr Dex+5 SInv}
 18444 | IceCv    | Reached ***** piety under Trog
 18482 | IceCv    | Reached skill level 5 in Ranged Weapons
 18578 | IceCv    | Identified the +4 scale mail of the Thinker {Contam Fly
                  | rPois Int-5}
 18741 | Lair:4   | Reached skill level 13 in Fighting
 18886 | Lair:4   | Found a staircase to the Slime Pits.
 18887 | Lair:4   | Found a viscous altar of Jiyva.
 19247 | Lair:5   | Entered Level 5 of the Lair of Beasts
 19576 | Lair:5   | Reached XP level 14. HP: 117/129 MP: 14/14
 20139 | Lair:5   | Reached skill level 10 in Shields
 20165 | Lair:5   | Received a gift from Trog
 20287 | Lair:5   | Reached skill level 14 in Fighting
 20304 | Lair:5   | Found a large runed translucent door.
 20304 | Lair:5   | Found a large runed translucent door.
 20671 | Orc:1    | Entered Level 1 of the Orcish Mines
 20911 | Orc:1    | Paralysed by an orc sorcerer for 2 turns
 21159 | Orc:2    | Entered Level 2 of the Orcish Mines
 21260 | Orc:2    | Found a staircase to the Elven Halls.
 21314 | Orc:2    | Received a gift from Trog
 21366 | Orc:2    | Gained mutation: You occasionally lose the ability to read
                  | scrolls when taking damage. [a neqoxec]
 21807 | Orc:2    | Paralysed by an orc sorcerer for 4 turns
 21905 | Orc:2    | Paralysed by an orc sorcerer for 3 turns
 21945 | Orc:2    | Found Otymn's Antique Weapon Boutique.
 21945 | Orc:2    | Found Laxkae's Distillery.
 21947 | Orc:2    | Found Seyx's Jewellery Boutique.
 21947 | Orc:2    | Found Kudariar's General Store.
 21955 | Orc:2    | Bought an amulet of reflection for 420 gold pieces
 21958 | Orc:2    | Bought a potion of might for 60 gold pieces
 21958 | Orc:2    | Bought a potion of heal wounds for 75 gold pieces
 21958 | Orc:2    | Bought a potion of heal wounds for 75 gold pieces
 21978 | Orc:2    | Bought the ring of Xoaxi {rPois rCorr} for 456 gold pieces
 22133 | Swamp:1  | Entered Level 1 of the Swamp
 22278 | Swamp:1  | Reached XP level 15. HP: 139/139 MP: 15/15
 22522 | D:12     | Received a gift from Trog
 22544 | D:12     | Noticed Kirke
 22551 | D:12     | Noticed a sphinx
 22555 | D:12     | Killed Kirke
 22892 | D:12     | Identified the +1 robe of Somewhere Else {Int+4}
 22999 | D:12     | Reached skill level 15 in Fighting
 23123 | D:12     | Identified the +9 battleaxe of Glory {antimagic, Will+
                  | rCorr}
 24578 | D:13     | Found a gate to the Vaults.
 25717 | D:14     | Noticed Frances
 25729 | D:14     | Killed Frances
 25939 | D:15     | Entered Level 15 of the Dungeon
 26068 | D:15     | Found Horej's Antique Armour Boutique.
 26096 | D:15     | Reached ****** piety under Trog
 26101 | D:15     | Reached XP level 16. HP: 87/150 MP: 5/16
 26537 | D:15     | Found a staircase to the Depths.
 27114 | Swamp:1  | Received a gift from Trog
 27270 | Swamp:1  | Reached skill level 16 in Fighting
 27847 | Swamp:2  | Found an ancient bone altar of Kikubaaqudgha.
 28490 | Swamp:3  | Noticed a thorn hunter
 28501 | Swamp:3  | Killed a thorn hunter
 28615 | Swamp:3  | Reached skill level 15 in Axes
 28687 | Swamp:3  | Identified the +11 whip of Hacking and Slashing {holy, rC+
                  | Will++}
 29240 | Swamp:4  | Entered Level 4 of the Swamp
 29244 | Swamp:4  | Identified Roxanne's Collected Works on Sculpting
 29244 | Swamp:4  | Noticed Roxanne
 29281 | Swamp:4  | HP: 3/139 [goliath frog (15)]
 29281 | Swamp:4  | Splashed by a goliath frog's acid

Illustrated notes

Levels and vault maps discovered:
D:1:      scummos_arrival_checkerplants, layout_loops_ring, serial_shops,
          nicolae_shop_stone, shop, nicolae_diamond_shop,
          hellmonk_ecumenical_altar_arch_garden
D:2:      layout_loops_ring, basic_altar
D:3:      layout_loops_corners, lemuel_zombie_altar_yredelemnul,
          mainiacjoe_overflow_big_doors, minmay_misc_feat_plants
D:4:      layout_basic, mainiacjoe_overflow_boulevard, gup_sewer_entry_glass,
          kennysheep_generic_room_16
D:5:      layout_layer_cave, nicolae_ashenzari_skybound,
          mainiacjoe_overflow_alcove_1, uniq_ijyb
D:6:      layout_cave_pods, trog_ov_bears_minmay, corexii_leaking_fountain
D:7:      layout_cave_pools, minmay_temple_entry_gardened_gates, serial_shops,
          shop, roderic_serpentine_path, uniq_maggie
D:8:      layout_loops_corners, mainiacjoe_overflow_small_starburst,
          old_standard_altar, serial_park_tiny_1, uniq_joseph, uniq_psyche
D:9:      minmay_curly_fans, layout_irregular_city, chequers_jeans
D:10:     nicolae_cairo_tiling_large, layout_rooms, david_orc_3
D:11:     layout_rooms, serial_shops, nicolae_shop_hallway_plus,
          chequers_decorated_corner, eino_house_with_fridge
D:12:     minmay_mutant_horseshoe, layout_cave_pools, uniq_kirke
D:13:     layout_stronghold, lightli_vaults_fourway_checkpoint
D:14:     layout_cave_pools, minmay_misc_feat_hallway, uniq_frances
D:15:     grunt_enter_depths_snipers, layout_long_grid, minmay_misc_feat_doors,
          chequers_garden, minmay_shop_grid_forest
Lair:1:   layout_regular_city, gauntlet_entry_generic, serial_bayou_shore_a,
          infiniplex_staircase_pool, uniq_amaemon, uniq_urug, uniq_erica,
          uniq_harold
Lair:2:   layout_cave_shapes, swamp_mist_pool,
          minmay_snake_entry_guardpost_small, kennysheep_rathole,
          grunt_megastairs_5, lemuel_fruit_tree
Lair:3:   layout_cave_shapes, amcnicky_altar_lugonu_corruption
Lair:4:   layout_small_grid, slime_entry_1, enter_volcano_2,
          portal_ice_cave_rime
Lair:5:   cheibrodos_lair_end_hotspot, layout_long_grid
Swamp:1:  layout_basic_swamp, evilmike_swamp_ruin_house_1, swamp_pool1
Swamp:2:  layout_basic_swamp, nicolae_swamp_bean_lake, swamp_pool4,
          beargit_kiku_chapel
Swamp:3:  layout_basic_swamp, hangedman_swamp_ruin_hall
Swamp:4:  swamp_basic_johnstein, layout_basic_swamp, swamp_pool2,
          infiniplex_staircase_pool_2, uniq_roxanne, uniq_nikola
Orc:1:    layout_caves
Orc:2:    grunt_orc_tribal_feast, layout_diamond_mine

Skill      XL: |  1  2  3  4  5  6  7  8  9 10 11 12 13 14 15 16 |
---------------+-------------------------------------------------+-----
Axes           | 3 4 5 6 7 8 9 10 11 12 13 15 | 15.1
Fighting       | 4 5 6 7 8 10 11 12 13 14 15 16 | 16.7
Throwing       | 1 2 3 4 5 6 7 8 9 |  9.0
Evocations     | 1 2 3 4 5 6 7 8 9 |  9.8
Dodging        | 1 2 3 4 5 6 7 8 |  8.6
Armour         | 4 5 6 8 9 10 11 12 | 12.5
Shields        | 4 5 6 7 8 9 10 12 | 12.6
Ranged Weapons | 2 3 4 5 6 7 |  7.9

Action                   |  1- 3 |  4- 6 |  7- 9 | 10-12 | 13-15 | 16-18 || total
-------------------------+-------+-------+-------+-------+-------+-------++-------
Melee: War axe           |    59 |   167 |   269 |   524 |   775 |    22 ||  1816
       Flail             |       |       |       |     9 |     2 |       ||    11
       Hand axe          |       |       |       |       |    17 |       ||    17
       Battleaxe         |       |       |       |       |   240 |    46 ||   286
       Broad axe         |       |       |       |       |       |   283 ||   283
 Fire: Sling             |       |       |       |    52 |    66 |    18 ||   136
       Shortbow          |       |       |       |       |    56 |    13 ||    69
Throw: Dart              |     9 |     6 |    58 |    35 |       |       ||   108
       Throwing net      |       |       |     2 |       |       |       ||     2
       Boomerang         |       |       |       |    16 |    89 |    30 ||   135
       Javelin           |       |       |       |     5 |       |       ||     5
Invok: Berserk           |       |       |       |     8 |     9 |     3 ||    20
       Trog's Hand       |       |       |       |     3 |     9 |     6 ||    18
Evoke: Wand              |       |       |    27 |    18 |    13 |    10 ||    68
  Use: Scroll            |     7 |     6 |     9 |    12 |    11 |     9 ||    54
       Potion            |       |     1 |     7 |     8 |     3 |    15 ||    34
 Stab: Petrified         |       |       |       |       |     4 |       ||     4
       Invisible         |       |       |       |       |       |     3 ||     3
       Sleeping          |       |       |       |       |       |     1 ||     1
Armor: Scale mail        |    20 |    46 |       |       |       |       ||    66
       Chain mail        |       |    27 |   155 |   166 |    63 |       ||   411
       Ring mail         |       |       |       |    12 |       |       ||    12
       Shadow dragon sca |       |       |       |    66 |   460 |   219 ||   745
Dodge: Dodged            |    24 |   116 |   193 |   344 |   535 |   196 ||  1408
Block: Buckler           |    18 |    37 |    66 |   122 |    39 |       ||   282
       Kite shield       |       |       |       |       |   338 |   241 ||   579
